 Dungeon Sprint DCSS version 0.23.2-1-ga50397a6bc (webtiles) character file.

Game seed: 17477931442291548120

461 Kobolds4U the Unseen (level 6, -3/30 HPs)
             Began as a Spriggan Assassin on May 28, 2019.
             Splashed by a jelly's acid (4 damage)
             ... in the Dungeon (Sprint I: "Red Sonja").
             The game lasted 00:01:17 (90 turns).

Kobolds4U the Unseen (Spriggan Assassin)              Turns: 90, Time: 00:01:18

Health: -3/30      AC: -17   Str:  7    XL:     6   Next: 79%
Magic:  7/7        EV: 17    Int: 12    God:
Gold:   270        SH:  0    Dex: 20    Spells: 5/5 levels left

rFire    . . .     SeeInvis +   a - +2 dagger
rCold    . . .     Gourm    .   (shield restricted)
rNeg     . . .     Faith    .   c - +0 robe
rPois    .         Spirit   .   (helmet restricted)
rElec    .         Reflect  .   d - +0 cloak
rCorr    .         Harm     .   (gloves unavailable)
MR       +....     NoTele   +   (boots unavailable)
Stlth    ++++++++..             (no amulet)
HPRegen  0.10/turn              (no ring)
MPRegen  0.10/turn              (no ring)

@: corroded, very quick
A: very small, unfitting armour, see invisible, herbivore, speed 3, slow
metabolism 2
a: no special abilities


You were in the Dungeon.
You were not hungry.

You visited 1 branch You collected 270 gold pieces.

Inventory:

Hand Weapons
 a - a +2 dagger (weapon)
 b - a +0 blowgun
Missiles
 e - 3 poisoned needles
Armour
 c - a +0 robe (worn)
 d - a +0 cloak (worn)
Scrolls
 m - a scroll of blinking
Potions
 h - 2 potions of curing
 i - a potion of heal wounds
 j - a potion of haste
 k - 2 potions of magic
 l - a potion of berserk rage
Comestibles
 g - a ration


   Skills:
 - Level 1.5 Fighting
 - Level 2.1 Short Blades
 - Level 2.0 Throwing
 * Level 1.5 Dodging
 + Level 20.6 Stealth


You had 5 spell levels left.
You didn't know any spells.
Your spell library was empty.

Dungeon Overview and Level Annotations

Branches:
Dungeon (1/1)

Altars:
Makhleb
Sif Muna
Vehumet
Wu Jian
Xom
Jiyva
Lugonu


Innate Abilities, Weirdness & Mutations

You are very small and have problems with some larger weapons.
You are too small for most types of armour.
You have supernaturally acute eyesight. (SInv)
You are a herbivore.
You cover ground extremely quickly.
You need to consume almost no food.


Message History

The jelly barely misses you.
a - a +2 dagger (weapon)
You hit the jelly. The acid corrodes you!
Your hands burn!
* * * LOW HITPOINT WARNING * * *
The jelly is heavily wounded.
The jelly closely misses you.
You hit the jelly.
Your hands burn!
* * * LOW HITPOINT WARNING * * *
The jelly is severely wounded.
The jelly misses you.
You hit the jelly. The acid corrodes you!
Your hands burn!
* * * LOW HITPOINT WARNING * * *
The jelly is almost dead.
The jelly completely misses you.
You hit the jelly but do no damage. The acid corrodes you!
Your hands burn!
* * * LOW HITPOINT WARNING * * *
The jelly is almost dead.
The jelly barely misses you.
You hit the jelly but do no damage. The acid corrodes you!
Your hands burn!
You die...

###################
#<.#.)'..#.)'..#__#
#..(((#.('.(#..'..'
#..#####'#####'#__#
#.J# #..# #)####
#.@# #### #?# #..#
_.+ #⌠⌠# .._# ####
_.#+# ##+


You could see a jelly.

Vanquished Creatures
  A slime creature (D)
  Sigmund (D)
  An ogre (D)
  Ijyb (D)
4 creatures vanquished.

Notes
Turn   | Place    | Note
-------+----------+-------------------------------------------
     0 | D        | Kobolds4U the Spriggan Assassin began the quest for the
                  | Orb.
     0 | D        | Reached XP level 1. HP: 10/10 MP: 2/2
     1 | D        | Noticed Ijyb
     4 | D        | Killed Ijyb
     4 | D        | Reached skill level 10 in Stealth
     4 | D        | Reached XP level 2. HP: 14/14 MP: 3/3
     7 | D        | Noticed an ogre
    10 | D        | Killed an ogre
    10 | D        | Reached skill level 14 in Stealth
    10 | D        | Reached XP level 3. HP: 18/18 MP: 4/4
    10 | D        | Reached XP level 4. HP: 22/22 MP: 5/5
    20 | D        | Noticed Sigmund
    23 | D        | Killed Sigmund
    23 | D        | Reached skill level 18 in Stealth
    23 | D        | Reached XP level 5. HP: 25/25 MP: 6/6
    23 | D        | Reached XP level 6. HP: 30/30 MP: 7/7
    35 | D        | Found a burning altar of Makhleb.
    35 | D        | Found a viscous altar of Jiyva.
    35 | D        | Found a shimmering altar of Xom.
    35 | D        | Found a corrupted altar of Lugonu.
    35 | D        | Noticed a slime creature
    38 | D        | Killed a slime creature
    38 | D        | Reached skill level 20 in Stealth
    55 | D        | Found an ornate altar of the Wu Jian Council.
    55 | D        | Found a deep blue altar of Sif Muna.
    57 | D        | Found a radiant altar of Vehumet.
    89 | D        | HP: 1/30 [acid (2)]
    90 | D        | Splashed by a jelly's acid

Skill      XL: |  1  2  3  4  5  6 |
---------------+-------------------+-----
Stealth        | 10 14 18 20 | 20.6
Fighting       | |  1.5
Short Blades   | |  2.1
Throwing       | |  2.0
Dodging        | |  1.5

Action                   |  1- 3 |  4- 6 || total
-------------------------+-------+-------++-------
Melee: Dagger            |     2 |    10 ||    12
 Fire: Blowgun           |       |     7 ||     7
 Stab: Sleeping          |     2 |     2 ||     4
Dodge: Dodged            |       |     6 ||     6
